 Dungeon Crawl Stone Soup version 0.26.1-11-gd32895ea62 (webtiles) character file.

Game seed: 12797307152903013408

3570 vvl the Shield-Bearer (level 10, -21/76 HPs)
             Began as a Human Berserker on June 10, 2021.
             Was a High Priest of Trog.
             Killed by the air
             ... invoked by Gastronok
              (30 damage)
             ... on level 8 of the Dungeon.
             The game lasted 00:18:50 (7547 turns).

vvl the Shield-Bearer (Human Berserker)             Turns: 7547, Time: 00:18:50

Health: -21/76     AC:  7    Str: 18    XL:     10   Next: 30%
Magic:  10/10      EV:  8    Int: 10    God:    Trog [*****.]
Gold:   94         SH: 15    Dex: 13    Spells: 9/9 levels left

rFire    . . .     SeeInvis .   k - +0 trident (venom)
rCold    . . .     Faith    .   i - +0 tower shield
rNeg     . . .     Spirit   .   n - +0 scale mail
rPois    .         Reflect  .   (no helmet)
rElec    .         Harm     .   (no cloak)
rCorr    .         Rampage  .   (no gloves)
Will     ++...                  (no boots)
Stlth    ..........             l - amulet of regeneration
HPRegen  1.62/turn              (no ring)
MPRegen  0.12/turn              (no ring)

@: berserk cooldown, regenerating (expiring), slowed, very slow
A: no striking features
a: Renounce Religion, Berserk, Trog's Hand, Brothers in Arms


You were on level 8 of the Dungeon.
You worshipped Trog.
Trog was extremely pleased with you.
You visited 1 branch of the dungeon, and saw 8 of its levels.

You collected 308 gold pieces.
You spent 214 gold pieces at shops.

Inventory:

Hand Weapons
 a - a +0 hand axe
 e - a +2 scythe of protection
 k - a +0 trident of venom (weapon)
 t - a +2 dire flail of holy wrath
 z - a +3 war axe of holy wrath
Armour
 i - a +0 tower shield (worn)
 n - a +0 scale mail (worn)
Jewellery
 l - an amulet of regeneration (around neck)
Wands
 y - a wand of polymorph (8)
 B - a wand of disintegration (18)
 C - a wand of acid (4)
Scrolls
 c - 4 scrolls of identify
 f - 3 scrolls of fear
 m - 4 scrolls of remove curse
 p - 2 scrolls of blinking
 r - 3 scrolls of magic mapping
 u - a scroll of teleportation
 v - a scroll of enchant weapon
 x - 3 scrolls of enchant armour {unknown}
 A - a scroll of fog {unknown}
Potions
 b - 3 potions of attraction
 d - 8 potions of curing
 g - 2 potions of lignification
 h - a potion of berserk rage
 j - a potion of might
 o - 2 potions of mutation
 q - a potion of flight
 s - 2 potions of magic
 w - a potion of cancellation {unknown}


   Skills:
 + Level 5.7 Fighting
 * Level 7.0(7.3) Axes
 - Level 3.0(5.4) Polearms
 + Level 5.2 Armour
 + Level 5.2 Dodging
 * Level 7.1 Shields
 + Level 4.7 Evocations


You had 9 spell levels left.
You didn't know any spells.
Your spell library contained the following spells:

 Spells                   Type           Power        Failure   Level
 Animate Skeleton         Necr           0%           100%        1
 Apportation              Tloc           0%           100%        1
 Corona                   Hex            0%           100%        1
 Summon Small Mammal      Summ           0%           100%        1


Dungeon Overview and Level Annotations

Branches:
Dungeon (8/15)             Temple (0/1) D:6
   Lair: D:8-11

Altars:
Ashenzari
Dithmenos
Elyvilon
Fedhas
Qazlal
Vehumet
Xom
Zin
The Shining One

Shops:
D:5 ?

Annotations:
D:8 Gastronok


Message History

Gastronok is severely wounded.
You puncture Gastronok!
Gastronok looks as sick as possible!
Gastronok is severely wounded.
You hit Gastronok.
Gastronok is almost dead.
Gastronok bites you!!
* * * LOW HITPOINT WARNING * * *
You hit Gastronok.
Gastronok looks as sick as possible!
Gastronok is almost dead.
You puncture Gastronok!
Gastronok looks as sick as possible!
Gastronok is almost dead.
You are no longer berserk.
You are exhausted.
You feel yourself slow down.
You hit Gastronok but do no damage.
Gastronok looks as sick as possible!
Gastronok is almost dead.
You feel the effects of Trog's Hand fading.
Gastronok waves his eye-stalks in wide circles.
The air twists around and strikes you!!
You die...

#...# #.# .#.. #.# #....
#.# #..## #.# ######....
# #.# #....#..#.
#.####.######.##.#....
#....#................
#...w@...........##...
.=.....###.#####...####.
####... #.# #....<....
#### #.# #.#.###### ...
#...#.# ..# ####.#.####
.### #....#..... .
#.##.#.#### #..#.#.#...


You could see Gastronok (swift, extremely poisoned).

Vanquished Creatures
  Pikel (D:6)
  Sigmund (D:2)
  Edmund (D:4)
  A water moccasin (D:7)
  An ice beast (D:5)
  A phantom (D:5)
  2 sky beasts
  A black bear (D:7)
  A necrophage (D:8)
  A centaur (D:6)
  An ogre (D:6)
  A lemure (D:6)
  Blork the orc (D:6)
  7 bullfrogs
  A big kobold (D:7)
  2 scorpions (D:4)
  6 killer bees (D:7)
  2 howler monkeys
  A bullfrog zombie (D:8)
  A centaur zombie (D:6)
  2 bullfrog skeletons (D:7)
  2 hounds
  A jelly (D:7)
  3 orc priests
  5 orc wizards
  Terence (D:2)
  Jessica (D:3)
  Natasha (twice) (D:2)
  An iguana (D:6)
  2 worker ants
  A hound skeleton (D:6)
  Robin (D:3)
  A howler monkey skeleton (D:4)
  13 adders
  6 gnolls
  3 ufetubi
  An adder zombie (D:7)
  3 adder skeletons
  2 worms
  2 dart slugs
  A leopard gecko (D:7)
  33 orcs
  8 bats
  5 giant cockroaches
  9 hobgoblins
  7 jackals
  14 kobolds
  2 quokkas
  5 ball pythons
  3 frilled lizards
  14 goblins
  A jackal skeleton (D:6)
  8 rats
197 creatures vanquished.

Vanquished Creatures (others)
  Natasha (D:2)
  A quokka (D:6)
  4 plants (D:1)
6 creatures vanquished.

Grand Total: 203 creatures vanquished

Notes
Turn   | Place    | Note
-------+----------+-------------------------------------------
     0 | D:1      | vvl the Human Berserker began the quest for the Orb.
     0 | D:1      | Reached XP level 1. HP: 18/18 MP: 1/1
     3 | D:1      | Noticed an electric eel
   123 | D:1      | Reached XP level 2. HP: 23/24 MP: 2/2
   129 | D:1      | Noticed an electric eel
   507 | D:1      | Reached XP level 3. HP: 29/29 MP: 3/3
   974 | D:2      | Reached skill level 1 in Shields
  1119 | D:2      | Noticed Terence
  1133 | D:2      | Killed Terence
  1134 | D:2      | Reached XP level 4. HP: 26/35 MP: 4/4
  1134 | D:2      | Reached ** piety under Trog
  1400 | D:2      | Reached skill level 1 in Evocations
  1631 | D:2      | Noticed Sigmund
  1644 | D:2      | Killed Sigmund
  1645 | D:2      | Reached XP level 5. HP: 41/41 MP: 5/5
  1645 | D:2      | Reached XP level 6. HP: 47/47 MP: 6/6
  1833 | D:2      | Noticed Natasha
  1845 | D:2      | Killed Natasha
  1894 | D:2      | Noticed Natasha
  1905 | D:2      | Killed Natasha
  2009 | D:2      | Noticed Natasha
  2022 | D:2      | Killed Natasha
  2090 | D:3      | Reached XP level 7. HP: 53/53 MP: 7/7
  2246 | D:3      | Noticed Robin
  2279 | D:3      | Reached *** piety under Trog
  2303 | D:3      | Killed Robin
  2334 | D:3      | Noticed Jessica
  2363 | D:3      | Killed Jessica
  2622 | D:3      | Found a radiant altar of Vehumet.
  2787 | D:4      | Reached skill level 1 in Polearms
  3147 | D:4      | Reached XP level 8. HP: 60/60 MP: 8/8
  3633 | D:4      | Noticed Edmund
  3647 | D:4      | Killed Edmund
  3648 | D:4      | Reached skill level 5 in Axes
  3908 | D:4      | Found a glowing silver altar of Zin.
  3908 | D:4      | Noticed an angel
  3969 | D:5      | Entered Level 5 of the Dungeon
  4191 | D:5      | Found Cuetukiuz's Magic Scroll Boutique.
  4195 | D:5      | Bought a scroll of identify for 26 gold pieces
  4195 | D:5      | Bought a scroll of teleportation for 39 gold pieces
  4195 | D:5      | Bought a scroll of enchant weapon for 97 gold pieces
  4195 | D:5      | Bought a scroll of identify for 26 gold pieces
  4195 | D:5      | Bought a scroll of identify for 26 gold pieces
  4912 | D:6      | Found a white marble altar of Elyvilon.
  4963 | D:6      | Noticed Pikel
  4985 | D:6      | Killed Pikel
  4986 | D:6      | Reached skill level 5 in Shields
  4986 | D:6      | Reached XP level 9. HP: 24/67 MP: 9/9
  5555 | D:6      | Reached **** piety under Trog
  5574 | D:6      | Noticed Blork the orc
  5585 | D:6      | Killed Blork the orc
  5586 | D:6      | Reached skill level 5 in Fighting
  5834 | D:6      | Found a staircase to the Ecumenical Temple.
  5927 | D:6      | Found a shimmering altar of Xom.
  5931 | D:6      | Found a stormy altar of Qazlal.
  5943 | D:6      | Found a broken altar of Ashenzari.
  5945 | D:6      | Found a blossoming altar of Fedhas.
  5964 | D:6      | Found a glowing golden altar of the Shining One.
  5970 | D:6      | Found a white marble altar of Elyvilon.
  5975 | D:6      | Found a shadowy altar of Dithmenos.
  6307 | D:7      | Reached XP level 10. HP: 65/74 MP: 10/10
  6500 | D:7      | Reached skill level 5 in Armour
  6516 | D:7      | Reached skill level 5 in Dodging
  6980 | D:7      | Reached ***** piety under Trog
  7519 | D:8      | Noticed Gastronok
  7544 | D:8      | HP: 5/114 [Gastronok (21)]
  7547 | D:8      | Killed from afar by Gastronok

Illustrated notes

Levels and vault maps discovered:
D:1:      arrival_aquarium_b, layout_basic, serial_bayou_lagoon_b
D:2:      layout_basic, minmay_liquid_box, minmay_misc_feat_four_crosses,
          uniq_natasha, uniq_terence, uniq_sigmund
D:3:      wander_river, layout_basic, vehumet_crystals, uniq_robin, uniq_jessica
D:4:      layout_loops_ring, zin_angel, uniq_edmund
D:5:      layout_basic, serial_shops, nicolae_shop_trees
D:6:      layout_loops_ring, grunt_temple_overflow_octagram,
          minmay_temple_entry_fiery, elyvilon_altar_4, uniq_pikel,
          uniq_blork_the_orc
D:7:      minmay_angry_zag, layout_loops_ring
D:8:      gammafunk_wand_slinger, layout_basic, nicolae_benzene_ring,
          uniq_gastronok, uniq_psyche, uniq_erica

Skill      XL: |  1  2  3  4  5  6  7  8  9 10 |
---------------+-------------------------------+-----
Shields        | 1 2 3 5 6 7 |  7.1
Evocations     | 1 2 3 4 |  4.7
Axes           | 4 5 6 7 |  7.0
Dodging        | 3 4 5 |  5.2
Armour         | 3 4 5 |  5.2
Polearms       | 1 2 3 |  3.0
Fighting       | 4 5 |  5.7

Action                   |  1- 3 |  4- 6 |  7- 9 | 10-12 || total
-------------------------+-------+-------+-------+-------++-------
Melee: Hand axe          |    96 |   102 |     3 |       ||   201
       Trident           |       |       |   525 |   178 ||   703
Invok: Berserk           |     1 |     2 |     1 |     2 ||     6
       Trog's Hand       |       |     1 |     2 |     2 ||     5
  Use: Scroll            |       |       |    12 |       ||    12
Armor: Animal skin       |    35 |       |       |       ||    35
       Ring mail         |     3 |     2 |       |       ||     5
       Scale mail        |       |    31 |   155 |    46 ||   232
Dodge: Dodged            |    75 |    24 |    82 |    55 ||   236
Block: Tower shield      |    24 |    74 |   371 |   160 ||   629
